 Dungeon Crawl Stone Soup version 0.19-a0-975-gfff5315 (webtiles) character file.

58 4thArraOfDagon the Vexing (level 3, -1/27 HPs)
             Began as a Mummy Arcane Marksman on July 13, 2016.
             Slain by a worker ant (2 damage)
             ... on level 3 of the Dungeon.
             The game lasted 00:02:34 (458 turns).

4thArraOfDagon the Vexing (Mummy Arcane Marksman)    Turns: 458, Time: 00:02:36

Health: -1/27      AC:  6    Str: 14    XL:     3   Next: 75%
Magic:  4/4        EV: 11    Int: 13    God:
Gold:   54         SH:  0    Dex: 11    Spells: 1 memorised, 3 levels left

rFire  x . .     SeeInvis .     a - +0 hand crossbow
rCold  + . .     Gourm    .     i - +1 ring mail
rNeg   + + +     Faith    .     (no shield)
rPois  ∞         Spirit   .     (no helmet)
rElec  .         Dismiss  .     (no cloak)
rCorr  .         Reflect  .     (no gloves)
SustAt .         Harm     .     (no boots)
MR     .....                    (no amulet)
Stlth  +.........               (no ring)
                                l - ring of wizardry

@: not resistant to hostile enchantments, very unstealthy
A: no food or potions, fire vulnerability, cold resistance 1, negative energy
resistance 3, torment resistance, unbreathing
a: no special abilities


You were on level 3 of the Dungeon.
You were not hungry.

You visited 1 branch of the dungeon, and saw 3 of its levels.

You collected 54 gold pieces.

Inventory:

Hand Weapons
 a - a +0 hand crossbow (weapon)
 h - a +0 mace
Missiles
 d - 8 bolts (quivered)
Armour
 e - a +0 robe
 i - a +1 ring mail (worn)
Jewellery
 l - a ring of wizardry (left hand)
Scrolls
 g - a scroll of remove curse
 j - a scroll of enchant armour
Books
 c - a book of Debilitation

   Spells                             Type                      Level
   a - Corona                         Hexes                        1
   b - Slow                           Hexes                        2
   c - Gell's Gravitas                Hexes/Translocation          3
   d - Inner Flame                    Hexes/Fire                   3
   e - Cause Fear                     Hexes                        4
   f - Leda's Liquefaction            Hexes/Earth                  4
 k - a Necronomicon

   Spells                             Type                      Level
   a - Haunt                          Necromancy/Summoning         7
   b - Borgnjor's Revivification      Necromancy                   8
   c - Death's Door                   Charms/Necromancy            8
   d - Infestation                    Necromancy                   8
   e - Necromutation                  Transmutation/Necromancy     8


   Skills:
 + Level 1.9 Fighting
 - Level 2.4 Crossbows
 + Level 0.7 Armour
 + Level 2.1 Dodging
 - Level 1.0 Spellcasting
 - Level 2.6 Hexes


You had 3 spell levels left.
You knew the following spells:

 Your Spells              Type           Power        Failure   Level  Hunger
a - Corona                Hex            #......      10%         1    N/A

Dungeon Overview and Level Annotations

Branches:
Dungeon (3/15)

Altars:


Innate Abilities, Weirdness & Mutations

You do not eat or drink.
Your flesh is vulnerable to fire.
You are immune to poison.
Your flesh is cold resistant. (rC+)
You are immune to negative energy. (rN+++)
You are immune to unholy pain and torment.
You can survive without breathing.


Message History

Firing (i - inventory):
d - 10 bolts (quivered)
Press: ? - help, Shift-Dir - straight line, f/p - worker ant
Aim: a worker ant (lightly wounded)
Okay, then.
Unknown command.
Firing (i - inventory):
d - 10 bolts (quivered)
Press: ? - help, Shift-Dir - straight line, f/p - worker ant
Aim: a worker ant (lightly wounded)
You shoot a bolt. The bolt barely misses the worker ant.
The worker ant misses you.
Unknown command.
Unknown command.
Unknown command.
Firing (i - inventory):
d - 9 bolts (quivered)
Press: ? - help, Shift-Dir - straight line, f/p - worker ant
Aim: a worker ant (lightly wounded)
You shoot a bolt. The bolt hits the worker ant.
The worker ant is heavily wounded.
The worker ant bites you.
You die...

#. #. #.
#.#########
#.........
##+###.....#
.(..(..a@..+
#####((...#
##'#.....#
#.#.###.#
#.#.# .#
#.#.###.#
#.#.....#
#†#<....#
#.#.....#


You could see a worker ant.

Vanquished Creatures
  4 adders (D:2)
  A worm (D:3)
  A dart slug (D:1)
  A giant gecko (D:2)
  A bat (D:2)
  A giant cockroach (D:3)
  5 hobgoblins
  A giant newt (D:1)
  2 rats
17 creatures vanquished.

Notes
Turn   | Place    | Note
-------+----------+-------------------------------------------
     0 | D:1      | 4thArraOfDagon the Mummy Arcane Marksman began the quest for the Orb.
     0 | D:1      | Reached XP level 1. HP: 15/15 MP: 2/2
   129 | D:1      | Reached XP level 2. HP: 21/21 MP: 3/3
   305 | D:2      | Reached XP level 3. HP: 26/26 MP: 4/4
   454 | D:3      | HP: 1/27 [worker ant (2)]
   458 | D:3      | Slain by a worker ant

Vault maps used:
D:1:      lightli_arrival_lavapool
D:2:      lemuel_coloured_pillars_altar, overflow_temple_1_default, first_bread,
          minmay_octomino_e4
D:3:      overflow_temple_1_default

Skill      XL: |  1  2  3 |
---------------+----------+-----
Crossbows      | 2 |  2.4
Dodging        | 2 |  2.1
Fighting       | |  1.9
Armour         | |  0.7
Spellcasting   | |  1.0
Hexes          | |  2.6

Action                   || total
-------------------------++-------
Melee: Mace              ||    11
 Fire: Hand crossbow     ||    50
  Use: Scroll            ||     4
Armor: Robe              ||     1
       Ring mail         ||    14
Dodge: Dodged            ||    17
